| TOP OF THE 1ST |
|
Binghamton Mets batting - Pitching for Lakewood BlueClaws : RHP Tony Ferreira
|
|
Pitching: RHP Tony Ferreira
|
|
|
Batting: LHB Jamel Alexander
|
0-0: Ball 1-0: Foul Ball, location: 2F 1-1: Foul Ball, location: 2F 1-2: Ball 2-2: Ball 3-2: Strikes out swinging
|
|
Batting: SHB Jason Evans
|
0-0: TRIPLE (Line Drive, 78XD, EV 108.1 MPH)
|
|
Batting: LHB Bayesa Mundhir
|
0-0: Foul Ball, location: 2F 0-1: Ball 1-1: Ball 2-1: Ball 3-1: Called Strike 3-2: Fly out, F4 (Line Drive, 4M, EV 73.8 MPH)
|
|
Batting: RHB Mike Hanks
|
0-0: Fly out, F9 (Flyball, 89M, EV 92.5 MPH)
|
| Top of the 1st over - 0 runs, 1 hit, 0 errors, 1 left on base; Binghamton 0 - Lakewood 0 |
| BOTTOM OF THE 1ST |
|
Lakewood BlueClaws batting - Pitching for Binghamton Mets : RHP Antonio Perez
|
|
Pitching: RHP Antonio Perez
|
|
|
Batting: SHB Steve DeRienzo
|
0-0: Ball 1-0: Ball 2-0: Fly out, F8 (Flyball, 78D, EV 94.4 MPH)
|
|
Batting: RHB Vaclav Been
|
0-0: Called Strike 0-1: Swinging Strike 0-2: Ball 1-2: Strikes out looking
|
|
Batting: RHB Mike Bell
|
0-0: Fly out, F7 (Line Drive, 7, EV 90.0 MPH)
|
| Bottom of the 1st over - 0 runs, 0 hits, 0 errors, 0 left on base; Binghamton 0 - Lakewood 0 |
| TOP OF THE 2ND |
|
Binghamton Mets batting - Pitching for Lakewood BlueClaws : RHP Tony Ferreira
|
|
Batting: LHB Dan Bremseth
|
0-0: Called Strike 0-1: Ball 1-1: Called Strike 1-2: Ground out 3-1 (Groundball, 34S, EV 66.9 MPH)
|
|
Batting: RHB Nate Henderson
|
0-0: Foul Ball, location: 2F 0-1: Ball 1-1: Ball 2-1: Ball 3-1: Base on Balls
|
|
Batting: LHB Zane Kelton
|
0-0: Ball 1-0: Called Strike 1-1: Fly out, F9 (Line Drive, 9, EV 88.1 MPH)
|
|
Batting: RHB Oscar Bravo
|
0-0: Ball 1-0: Ball 2-0: Called Strike 2-1: Swinging Strike 2-2: Strikes out swinging
|
| Top of the 2nd over - 0 runs, 0 hits, 0 errors, 1 left on base; Binghamton 0 - Lakewood 0 |
| BOTTOM OF THE 2ND |
|
Lakewood BlueClaws batting - Pitching for Binghamton Mets : RHP Antonio Perez
|
|
Batting: LHB Joel Moore
|
0-0: Ground out 3-1 (Groundball, 34S, EV 81.9 MPH)
|
|
Batting: RHB Trent Hedrick
|
0-0: Ball 1-0: Ground out 6-3 (Groundball, 6, EV 102.5 MPH)
|
|
Batting: RHB Josh Baker
|
0-0: Ball 1-0: Foul Ball, location: 2F 1-1: Foul Ball, location: 2F 1-2: Ball 2-2: Fly out, F9 (Flyball, 9, EV 93.8 MPH)
|
| Bottom of the 2nd over - 0 runs, 0 hits, 0 errors, 0 left on base; Binghamton 0 - Lakewood 0 |
| TOP OF THE 3RD |
|
Binghamton Mets batting - Pitching for Lakewood BlueClaws : RHP Tony Ferreira
|
|
Batting: RHB Rich Cracchiolo
|
0-0: Called Strike 0-1: Swinging Strike 0-2: Ball 1-2: Foul Ball, location: 2F 1-2: Ball 2-2: Ground out U3 (Groundball, 3L, EV 99.4 MPH)
|
|
Batting: LHB Jamel Alexander
|
0-0: Ball 1-0: Ball 2-0: Ball 3-0: Called Strike 3-1: Base on Balls
|
|
Batting: SHB Jason Evans
|
0-0: Called Strike Jamel Alexander is caught stealing 2nd base 2-6 0-1: Fly out, F7 (Flyball, 78M, EV 84.4 MPH)
|
| Top of the 3rd over - 0 runs, 0 hits, 0 errors, 0 left on base; Binghamton 0 - Lakewood 0 |
| BOTTOM OF THE 3RD |
|
Lakewood BlueClaws batting - Pitching for Binghamton Mets : RHP Antonio Perez
|
|
Batting: LHB Eric Farren
|
0-0: Ball 1-0: Ball 2-0: Ball 3-0: Base on Balls
|
|
Batting: RHB Johnny Burroughs
|
0-0: Swinging Strike 0-1: Foul Ball, location: 2F 0-2: Foul Ball, location: 2F 0-2: Strikes out looking
|
|
Batting: RHB Cory Bonham
|
0-0: Called Strike 0-1: Ball 1-1: Fly out, F9 (Flyball, 9, EV 85.6 MPH)
|
|
Batting: SHB Steve DeRienzo
|
0-0: Foul Ball, location: 2F 0-1: Foul Ball, location: 2F 0-2: Foul Ball, location: 2F 0-2: Ball 1-2: Ground out 1-3 (Groundball, 13S, EV 61.2 MPH)
|
| Bottom of the 3rd over - 0 runs, 0 hits, 0 errors, 1 left on base; Binghamton 0 - Lakewood 0 |
| TOP OF THE 4TH |
|
Binghamton Mets batting - Pitching for Lakewood BlueClaws : RHP Tony Ferreira
|
|
Batting: LHB Bayesa Mundhir
|
0-0: Fly out, F7 (Flyball, 78M, EV 92.5 MPH)
|
|
Batting: RHB Mike Hanks
|
0-0: Ground out 5-3 (Groundball, 56S, EV 70.6 MPH)
|
|
Batting: LHB Dan Bremseth
|
0-0: Ball 1-0: Foul Ball, location: 2F 1-1: Foul Ball, location: 2F 1-2: Ball 2-2: Ball 3-2: Base on Balls
|
|
Batting: RHB Nate Henderson
|
0-0: Ball 1-0: Foul Ball, location: 2F 1-1: Swinging Strike 1-2: Ball 2-2: Ball 3-2: Foul Ball, location: 2F 3-2: Foul Ball, location: 2F 3-2: Ground out 5-3 (Groundball, 56, EV 105.6 MPH)
|
| Top of the 4th over - 0 runs, 0 hits, 0 errors, 1 left on base; Binghamton 0 - Lakewood 0 |
| BOTTOM OF THE 4TH |
|
Lakewood BlueClaws batting - Pitching for Binghamton Mets : RHP Antonio Perez
|
|
Batting: RHB Vaclav Been
|
0-0: Fly out, F7 (Flyball, 78S, EV 95.6 MPH)
|
|
Batting: RHB Mike Bell
|
0-0: Called Strike 0-1: Ball 1-1: Ground out 6-3 (Groundball, 56, EV 81.2 MPH)
|
|
Batting: LHB Joel Moore
|
0-0: Ball 1-0: Ball 2-0: Called Strike 2-1: Ball 3-1: Called Strike 3-2: DOUBLE (Groundball, 3L, EV 107.5 MPH)
|
|
Batting: RHB Trent Hedrick
|
0-0: Ground out 1-3 (Groundball, 13S, EV 65.0 MPH)
|
| Bottom of the 4th over - 0 runs, 1 hit, 0 errors, 1 left on base; Binghamton 0 - Lakewood 0 |
| TOP OF THE 5TH |
|
Binghamton Mets batting - Pitching for Lakewood BlueClaws : RHP Tony Ferreira
|
|
Batting: LHB Zane Kelton
|
0-0: Called Strike 0-1: Ball 1-1: Foul Ball, location: 2F 1-2: Ball 2-2: Foul Ball, location: 2F 2-2: Ball 3-2: Foul Ball, location: 2F 3-2: Base on Balls
|
|
Batting: RHB Oscar Bravo
|
0-0: Ball 1-0: Ball 2-0: SINGLE (Groundball, 5S, EV 66.9 MPH) (infield hit) Zane Kelton to second
|
|
Batting: RHB Rich Cracchiolo
|
0-0: Ball 1-0: Called Strike 1-1: Ball 2-1: Fly out, F5 (Line Drive, 56, EV 68.1 MPH)
|
|
Batting: LHB Jamel Alexander
|
0-0: Ball 1-0: Foul Ball, location: 2F 1-1: SINGLE (Line Drive, 8LS, EV 93.8 MPH) Zane Kelton to third Oscar Bravo to second Runner from 3rd tries for Home, SAFE, throw by CF to home
|
|
Batting: SHB Jason Evans
|
0-0: Called Strike 0-1: Ball 1-1: Swinging Strike 1-2: Fielders Choice at 2nd, 2-4 (Groundball, 2L, EV 69.4 MPH) Oscar Bravo to third
|
|
Batting: LHB Bayesa Mundhir
|
0-0: Ball 1-0: Ball Jason Evans is caught stealing 2nd base 2-6
|
| Top of the 5th over - 1 run, 2 hits, 0 errors, 1 left on base; Binghamton 1 - Lakewood 0 |
| BOTTOM OF THE 5TH |
|
Lakewood BlueClaws batting - Pitching for Binghamton Mets : RHP Antonio Perez
|
|
Batting: RHB Josh Baker
|
0-0: Called Strike 0-1: Called Strike 0-2: Ball 1-2: Ball 2-2: Foul Ball, location: 2F 2-2: Ball 3-2: Base on Balls
|
|
Batting: LHB Eric Farren
|
0-0: Swinging Strike 0-1: Ground out 6-3 (Groundball, 56D, EV 103.1 MPH) Josh Baker to second
|
|
Batting: RHB Johnny Burroughs
|
0-0: Ball 1-0: Swinging Strike 1-1: Foul Ball, location: 2F 1-2: Strikes out looking
|
|
Batting: RHB Cory Bonham
|
0-0: Called Strike 0-1: Swinging Strike 0-2: Foul Ball, location: 2F 0-2: Strikes out swinging
|
| Bottom of the 5th over - 0 runs, 0 hits, 0 errors, 1 left on base; Binghamton 1 - Lakewood 0 |
| TOP OF THE 6TH |
|
Binghamton Mets batting - Pitching for Lakewood BlueClaws : RHP Tony Ferreira
|
|
Pitching: RHP Ian Savary
|
|
|
Batting: LHB Bayesa Mundhir
|
0-0: Ball 1-0: Foul Ball, location: 2F 1-1: Foul Ball, location: 2F 1-2: Fly out, F8 (Flyball, 8LM, EV 86.9 MPH)
|
|
Batting: RHB Mike Hanks
|
0-0: DOUBLE (Flyball, 8LXD, EV 96.9 MPH)
|
|
Batting: LHB Dan Bremseth
|
0-0: Intentional Walk
|
|
Batting: RHB Nate Henderson
|
0-0: Grounds into double play, 6-4-3 (Groundball, 6M, EV 98.8 MPH)
|
| Top of the 6th over - 0 runs, 1 hit, 0 errors, 1 left on base; Binghamton 1 - Lakewood 0 |
| BOTTOM OF THE 6TH |
|
Lakewood BlueClaws batting - Pitching for Binghamton Mets : RHP Antonio Perez
|
|
Batting: SHB Steve DeRienzo
|
0-0: Called Strike 0-1: Fly out, F7 (Flyball, 78S, EV 95.6 MPH)
|
|
Batting: RHB Vaclav Been
|
0-0: Called Strike 0-1: Ball 1-1: Ball 2-1: Foul Ball, location: 2F 2-2: Ball 3-2: Fly out, F8 (Flyball, 78M, EV 83.8 MPH)
|
|
Batting: RHB Mike Bell
|
0-0: Ball 1-0: Ball 2-0: Foul Ball, location: 2F 2-1: Ball 3-1: Base on Balls
|
|
Batting: LHB Joel Moore
|
0-0: Ball 1-0: Called Strike 1-1: Swinging Strike 1-2: Ball 2-2: Fly out, F5 (Line Drive, 5, EV 70.0 MPH)
|
| Bottom of the 6th over - 0 runs, 0 hits, 0 errors, 1 left on base; Binghamton 1 - Lakewood 0 |
| TOP OF THE 7TH |
|
Binghamton Mets batting - Pitching for Lakewood BlueClaws : RHP Ian Savary
|
|
Pitching: LHP Mike Aldrich
|
|
|
Batting: LHB Zane Kelton
|
0-0: Called Strike 0-1: Called Strike 0-2: Ball 1-2: Ground out 4-3 (Groundball, 4, EV 106.2 MPH)
|
|
Pitching: RHP Jeff van Schaik
|
|
|
Batting: RHB Oscar Bravo
|
0-0: Ball 1-0: Ball 2-0: Fly out, F8 (Line Drive, 78M, EV 110.6 MPH)
|
|
Batting: RHB Rich Cracchiolo
|
0-0: Ball 1-0: Ball 2-0: Ball 3-0: Called Strike 3-1: Base on Balls
|
|
Batting: LHB Jamel Alexander
|
0-0: Ball 1-0: Ball 2-0: Called Strike 2-1: Ball 3-1: Fly out, F8 (Flyball, 78M, EV 95.0 MPH)
|
| Top of the 7th over - 0 runs, 0 hits, 0 errors, 1 left on base; Binghamton 1 - Lakewood 0 |
| BOTTOM OF THE 7TH |
|
Lakewood BlueClaws batting - Pitching for Binghamton Mets : RHP Antonio Perez
|
|
Batting: RHB Trent Hedrick
|
0-0: Fly out, F8 (Flyball, 8LD, EV 108.8 MPH)
|
|
Batting: RHB Josh Baker
|
0-0: Called Strike 0-1: Ground out 5-3 (Groundball, 5L, EV 82.5 MPH)
|
|
Batting: LHB Eric Farren
|
0-0: Ball 1-0: Ball 2-0: Ball 3-0: Called Strike 3-1: SOLO HOME RUN (Flyball, 9D, EV 99.4 MPH), Distance : 384 ft
|
|
Batting: RHB Johnny Burroughs
|
0-0: Called Strike 0-1: Ball 1-1: Ground out 6-3 (Groundball, 6, EV 101.2 MPH)
|
| Bottom of the 7th over - 1 run, 1 hit, 0 errors, 0 left on base; Binghamton 1 - Lakewood 1 |
| TOP OF THE 8TH |
|
Binghamton Mets batting - Pitching for Lakewood BlueClaws : RHP Jeff van Schaik
|
|
Pitching: RHP David Oviedo
|
|
|
Batting: SHB Jason Evans
|
0-0: Ground out 4-3 (Groundball, 4, EV 88.1 MPH)
|
|
Batting: LHB Bayesa Mundhir
|
0-0: Ball 1-0: Called Strike 1-1: SINGLE (Groundball, 4MD, EV 103.1 MPH)
|
|
Batting: RHB Mike Hanks
|
0-0: Foul Ball, location: 2F 0-1: Ball 1-1: Foul Ball, location: 2F 1-2: Strikes out swinging
|
|
Batting: LHB Dan Bremseth
|
0-0: Ball 1-0: Called Strike 1-1: Foul Ball, location: 2F 1-2: Ball 2-2: Foul Ball, location: 2F 2-2: Ground out U3 (Groundball, 3, EV 88.1 MPH)
|
| Top of the 8th over - 0 runs, 1 hit, 0 errors, 1 left on base; Binghamton 1 - Lakewood 1 |
| BOTTOM OF THE 8TH |
|
Lakewood BlueClaws batting - Pitching for Binghamton Mets : RHP Antonio Perez
|
|
Batting: RHB Cory Bonham
|
0-0: Swinging Strike 0-1: Called Strike 0-2: Ball 1-2: Ball 2-2: Strikes out swinging
|
|
Batting: SHB Steve DeRienzo
|
0-0: Ball 1-0: Swinging Strike 1-1: Called Strike 1-2: Foul Ball, location: 2F 1-2: Strikes out looking
|
|
Batting: RHB Vaclav Been
|
0-0: Swinging Strike 0-1: Ball 1-1: Ball 2-1: Ball 3-1: Ground out 6-3 (Groundball, 6, EV 80.6 MPH)
|
| Bottom of the 8th over - 0 runs, 0 hits, 0 errors, 0 left on base; Binghamton 1 - Lakewood 1 |
| TOP OF THE 9TH |
|
Binghamton Mets batting - Pitching for Lakewood BlueClaws : RHP David Oviedo
|
|
Batting: RHB Nate Henderson
|
0-0: Called Strike 0-1: Swinging Strike 0-2: Foul Ball, location: 2F 0-2: Ball 1-2: Foul Ball, location: 2F 1-2: Fly out, F9 (Flyball, 9S, EV 89.4 MPH)
|
|
DELAY
|
Rain delay of 30 minutes in the 9th inning.
|
|
Batting: LHB Zane Kelton
|
0-0: Foul Ball, location: 2F 0-1: Ball 1-1: Foul Ball, location: 2F 1-2: Ball 2-2: Ground out 4-3 (Groundball, 4M, EV 79.4 MPH)
|
|
Pinch Hitting: SHB Jerry Burrows
|
0-0: SINGLE (Line Drive, 56D, EV 103.1 MPH)
|
|
Batting: RHB Rich Cracchiolo
|
0-0: Ball 1-0: Foul Ball, location: 2F 1-1: Ball 2-1: Called Strike 2-2: Ball 3-2: Foul Ball, location: 2F 3-2: SINGLE (Line Drive, 7LS, EV 102.5 MPH) Jerry Burrows to second Jerry Burrows to third
|
|
Batting: LHB Jamel Alexander
|
0-0: Ball 1-0: Foul Ball, location: 2F 1-1: Ball 2-1: Ball 3-1: Called Strike 3-2: Reached on error, E2 (Groundball, 2R, EV 68.1 MPH) Jerry Burrows scores Rich Cracchiolo to third
|
|
Batting: SHB Jason Evans
|
0-0: Ball 1-0: Swinging Strike 1-1: Called Strike 1-2: Ball 2-2: Foul Ball, location: 2F 2-2: Strikes out swinging
|
| Top of the 9th over - 1 run, 2 hits, 1 error, 2 left on base; Binghamton 2 - Lakewood 1 |
| BOTTOM OF THE 9TH |
|
Lakewood BlueClaws batting - Pitching for Binghamton Mets : RHP Antonio Perez
|
|
Pitching: RHP Matt Bennett
|
|
|
Now at 1B: Jerry Burrows
|
|
|
Now at 2B: Chris Keziah
|
|
|
Now at 3B: Gang-sheng Chew
|
|
|
Now at SS: Zane Kelton
|
|
|
Now in RF: Jason Evans
|
|
|
Batting: RHB Mike Bell
|
0-0: Foul Ball, location: 2F 0-1: Ball 1-1: Ball 2-1: Swinging Strike 2-2: Foul Ball, location: 2F 2-2: Ball 3-2: Foul Ball, location: 2F 3-2: Foul Ball, location: 2F 3-2: Fly out, F4 (Popup, 3D, EV 55.6 MPH)
|
|
Batting: LHB Joel Moore
|
0-0: Foul Ball, location: 2F 0-1: Ground out 4-3 (Groundball, 4, EV 83.1 MPH)
|
|
Batting: RHB Trent Hedrick
|
0-0: Called Strike 0-1: Ball 1-1: Called Strike 1-2: Ground out 6-3 (Groundball, 56, EV 87.5 MPH)
|
| Bottom of the 9th over - 0 runs, 0 hits, 0 errors, 0 left on base; Binghamton 2 - Lakewood 1 |
|